 Dungeon Crawl Stone Soup version 0.28-a0-804-g60983d4ba9 (webtiles) character file.

Game seed: 6312282355092635110

452 cheechan the Cudgeller (level 7, 0/99 HPs)
             Began as a Naga Monk on Nov 7, 2021.
             Slain by a gnoll shaman (10 damage)
             ... on level 4 of the Dungeon.
             The game lasted 00:13:46 (4327 turns).

cheechan the Cudgeller (Naga Monk)                  Turns: 4327, Time: 00:13:47

Health: 0/99       AC: 30    Str: 15    XL:     7   Next: 5%
Magic:  7/7        EV:  1    Int: 10    God:
Gold:   23         SH:  0    Dex: 14    Spells: 6/6 levels left

rFire   . . .      SeeInvis +   s - +1 flail (protect)
rCold   . . .      Faith    .   (no shield)
rNeg    . . .      Spirit   .   (armour currently unavailable)
rPois   +          Reflect  .   (helmet currently unavailable)
rElec   .          Harm     .   (cloak currently unavailable)
rCorr   .          Rampage  .   (gloves currently unavailable)
Will    .....      NoTele   +   (no barding)
Stlth   +++.......              (no amulet)
HPRegen 0.26/turn               (no ring)
MPRegen 0.10/turn               (no ring)

@: tree-form (expiring), under a protective aura
A: stationary, stasis, torment immunity, boosted hp, AC +2, large, see
invisible, (deformed body), (poison resistance), (slowness 2), spit poison 1,
(naga tail 1)
a: Spit Poison


You were on level 4 of the Dungeon.
You were a tree.
You visited 1 branch of the dungeon, and saw 4 of its levels.

You collected 177 gold pieces.
You spent 154 gold pieces at shops.

Inventory:

Hand Weapons
 q - a +0 battleaxe
 s - a +1 flail of protection (weapon)
Missiles
 d - 22 arrows
 h - 19 bolts
 j - a boomerang
Armour
 i - a +3 leather armour (melded)
 k - a +1 barding (melded)
Wands
 r - a wand of flame (5)
Scrolls
 c - 4 scrolls of holy word
 g - 2 scrolls of magic mapping
 n - 2 scrolls of noise
 o - a scroll of teleportation
 p - 4 scrolls of identify
Potions
 e - a potion of flight
 f - a potion of heal wounds
 l - a potion of might
 m - a potion of attraction


   Skills:
 + Level 4.4 Fighting
 + Level 1.2(3.4) Axes
 + Level 5.1(5.2) Maces & Flails
 + Level 1.5 Armour
 + Level 3.5 Dodging
 + Level 4.3 Stealth


You had 6 spell levels left.
You didn't know any spells.
Your spell library contained the following spells:

 Spells                   Type           Power      Damage    Failure   Level
 Slow                     Hex            0%         N/A       36%         1
 Ensorcelled Hibernation  Hex/Ice        0%         N/A       50%         2
 Confusing Touch          Hex            0%         N/A       75%         3
 Spider Form              Tmut/Pois      0%         N/A       75%         3
 Yara's Violent Unravell  Hex/Tmut       0%         3d3       100%        5


Dungeon Overview and Level Annotations

Branches:
Dungeon (4/15)
 Temple: D:4-7

Altars:
Fedhas
Hepliaklqana

Shops:
D:3 ?


Innate Abilities, Weirdness & Mutations

You are a tree.
Your roots penetrate the ground, keeping you stationary.
You cannot be teleported.
You are immune to unholy pain and torment.
Your maximum health is greatly increased.
Your equipment is partially melded.
((Your serpentine skin is tough. (AC +2)))
You have supernaturally acute eyesight. (SInv)
((Armour fits poorly on your strangely shaped body.))
((Your system is resistant to poisons. (rPois)))
((You cover ground very slowly.))
You can spit poison.
((You have a snake-like lower body.))


Message History

* * * LOW HITPOINT WARNING * * *
The gnoll shaman hits you but does no damage.
You hit the gnoll shaman.
The gnoll shaman is heavily wounded.
The ball python bites you but does no damage.
The gnoll hits you but does no damage.
The gnoll shaman hits you but does no damage.
The ball python bites you.
* * * LOW HITPOINT WARNING * * *
The gnoll barely misses you.
You hit the gnoll shaman.
The gnoll shaman is heavily wounded.
The gnoll hits you but does no damage.
The gnoll shaman hits you but does no damage.
The ball python bites you but does no damage.
You barely miss the gnoll shaman.
The gnoll shaman is heavily wounded.
Your transformation is almost over.
The gnoll hits you but does no damage.
The ball python bites you but does no damage.
The gnoll shaman hits you but does no damage.
The gnoll barely misses you.
You thump the gnoll shaman!
The gnoll shaman is almost dead.
The ball python bites you.
* * * LOW HITPOINT WARNING * * *
The gnoll hits you but does no damage.
The gnoll shaman calls down the wrath of its god upon you.
You easily resist.
The ball python bites you but does no damage.
The gnoll hits you but does no damage.
The gnoll shaman hits you with a +0 whip.
* * * LOW HITPOINT WARNING * * *
You closely miss the gnoll shaman.
The gnoll shaman is almost dead.
The gnoll hits you but does no damage.
The ball python bites you but does no damage.
The gnoll hits you but does no damage.
The gnoll shaman hits you with a +0 whip!
You die...

#.....§.....
.....+....P.P....
.....#....P.PP.. ###
#..##..#.P_P.#
##..##..##..#PPPP.##
..............P....#
...................#
............Sg)....#
...........g)♣)<..##
....##......#####+#
. #......# #......#
########


You could see a gnoll shaman, a gnoll (fast) and a ball python.

Vanquished Creatures
  Edmund (D:3)
  Blork the orc (D:3)
  An orc priest (D:3)
  An iguana (D:3)
  A hound skeleton (D:4)
  4 gnolls (D:4)
  10 adders
  An ufetubus (D:3)
  3 worms (D:2)
  4 orcs (D:3)
  4 ball pythons
  9 endoplasms
  2 giant cockroaches
  6 goblins
  2 hobgoblins
  4 jackals (D:2)
  2 kobolds
  A quokka (D:2)
  10 bats
  A frilled lizard (D:1)
  4 rats
  A spectral kobold (D:1)
73 creatures vanquished.

Notes
Turn   | Place    | Note
-------+----------+-------------------------------------------
     0 | D:1      | cheechan the Naga Monk began the quest for the Orb.
     0 | D:1      | Reached XP level 1. HP: 21/21 MP: 1/1
    68 | D:1      | Reached XP level 2. HP: 11/28 MP: 2/2
   685 | D:1      | Found a faded altar of an unknown god.
   944 | D:2      | Reached XP level 3. HP: 3/34 MP: 3/3
  2161 | D:2      | Reached XP level 4. HP: 43/43 MP: 4/4
  2477 | D:3      | Reached skill level 4 in Maces & Flails
  2550 | D:3      | HP: 2/44 [orc priest (6)]
  2552 | D:3      | Reached XP level 5. HP: 2/50 MP: 5/5
  3265 | D:3      | Found Qokkisef's Magic Scroll Shop.
  3285 | D:3      | Bought a scroll of identify for 22 gold pieces
  3285 | D:3      | Bought a scroll of identify for 22 gold pieces
  3285 | D:3      | Bought a scroll of identify for 22 gold pieces
  3632 | D:3      | Found a hazy altar of Hepliaklqana.
  3826 | D:3      | Bought a scroll of identify for 22 gold pieces
  3826 | D:3      | Bought a scroll of identify for 22 gold pieces
  3826 | D:3      | Bought a scroll of identify for 22 gold pieces
  3826 | D:3      | Bought a scroll of identify for 22 gold pieces
  3836 | D:4      | Found a blossoming altar of Fedhas.
  3850 | D:4      | Reached XP level 6. HP: 53/57 MP: 6/6
  3854 | D:4      | Noticed Edmund
  3856 | D:4      | Noticed Blork the orc
  3982 | D:3      | Killed Blork the orc
  3983 | D:3      | Reached skill level 1 in Armour
  4186 | D:3      | Killed Edmund
  4187 | D:3      | Reached skill level 1 in Axes
  4187 | D:3      | Reached skill level 5 in Maces & Flails
  4308 | D:4      | Reached XP level 7. HP: 41/64 MP: 7/7
  4327 | D:4      | Slain by a gnoll shaman

Illustrated notes

Levels and vault maps discovered:
D:1:      tarquinn_simple_flora_water_a, layout_basic,
          dreamdust_ecumenical_altar_drowned_temple
D:2:      layout_basic
D:3:      layout_loops_cross, nicolae_hepliaklqana_hippocampus, serial_shops,
          shop, kennysheep_minor_cross, grunt_decor_junction,
          minmay_snake_closets
D:4:      layout_gridville, mainiacjoe_overflow_alcove_4,
          nicolae_dithmenos_the_darkroom,
          grunt_temple_overflow_forces_of_nature,
          minmay_temple_entry_stoned_glass, uniq_edmund, uniq_blork_the_orc,
          uniq_duvessa

Skill      XL: |  1  2  3  4  5  6 |
---------------+-------------------+-----
Maces & Flails | 4 5 |  5.1
Dodging        | 3 |  3.5
Fighting       | 4 |  4.4
Stealth        | 4 |  4.3
Armour         | 1 |  1.5
Axes           | 1 |  1.2

Action                   |  1- 3 |  4- 6 |  7- 9 || total
-------------------------+-------+-------+-------++-------
Melee: Mace              |   123 |    97 |       ||   220
       Battleaxe         |       |    19 |       ||    19
       Flail             |       |     5 |    20 ||    25
 Abil: Spit Poison       |    17 |    17 |       ||    34
  Use: Scroll            |     6 |     7 |       ||    13
       Potion            |       |     1 |       ||     1
 Stab: Sleeping          |     1 |     2 |       ||     3
Armor: Robe              |    35 |     9 |       ||    44
       Leather armour    |       |    91 |       ||    91
       Skin              |       |     8 |    72 ||    80
Dodge: Dodged            |    94 |    94 |     8 ||   196

Table legend: (Time is in decaauts)
 A = Elapsed time spent in this place.
 B = Non-inter-level travel time spent in this place.
 C = Inter-level travel time spent in this place.
 D = Time resting spent in this place.
 E = Time spent auto-exploring this place.
 F = Levels seen in this place.
 G = Mean time per level.
                   A        B        C        D        E       F      G
               +--------+--------+--------+--------+--------+-----+--------+
         Total |   5343 |   5343 |      0 |   1541 |      0 |   4 | 1335.8 |
       Dungeon |   5343 |   5343 |      0 |   1541 |      0 |   4 | 1335.8 |
               +--------+--------+--------+--------+--------+-----+--------+

Top non-repeatable levels by time:
     D:3: 2291 daAuts
     D:2: 1842 daAuts
     D:1: 1128 daAuts
     D:4: 81 daAuts
